 Dungeon Crawl Stone Soup version 0.31-a0-251-gdc1e01ee57 (webtiles) character file.

Game seed: 11478420849352460500

396 qw the Shooter (level 6, -5/37 HPs)
             Began as a Gargoyle Hexslinger on July 12, 2023.
             Was a Follower of Okawaru.
             Killed from afar by a white imp (14 damage)
             ... with a puff of frost
             ... on level 5 of the Dungeon.
             The game lasted 00:01:13 (3631 turns).

qw the Shooter (Gargoyle Hexslinger)                Turns: 3631, Time: 00:01:14

Health: -5/37      AC: 14    Str: 12      XL:     6   Next: 83%
Magic:  5/7        EV: 15    Int: 13      God:    Okawaru [*.....]
Gold:   171        SH:  0    Dex: 15 (20) Spells: 6/7 levels left

rFire   . . .        Y - +0 shortbow
rCold   . . .        (shield currently unavailable)
rNeg    + . .        k - +1 steam dragon scales
rPois   inf          d - +0 helmet
rElec   +            (no cloak)
rCorr   .            (no gloves)
SInv    .            f - +0 pair of boots
Will    .....        (no amulet)
Stlth   +++          c - +6 ring of dexterity
HPRegen 0.26/turn    (no ring)
MPRegen 0.10/turn

%: no passive effects
@: heroic
A: sickness immunity, AC +4, negative energy resistance 1, electricity
resistance, torment resistance 1, petrification resistance
a: Renounce Religion, Heroism


You were on level 5 of the Dungeon.
You worshipped Okawaru.
Okawaru was aware of your devotion.
You visited 2 branches of the dungeon, and saw 6 of its levels.

You collected 249 gold pieces.
You spent 78 gold pieces at shops.


Innate Abilities, Weirdness & Mutations

You are immune to sickness and miasma.
Your stone body is resilient. (AC +4)
You are immune to poison.
You resist negative energy. (rN+)
You are resistant to electric shocks. (rElec)
You are resistant to unholy torment.
You are immune to petrification.


   Skills:
 - Level 3.3(8.3) Fighting
 + Level 5.9(10.9) Ranged Weapons
 - Level 1.3(6.3) Armour
 - Level 1.5(6.5) Dodging
 - Level 1.0 Spellcasting
 - Level 2.6 Hexes
 + Level 1.5 Invocations


You had 6 spell levels left.
You knew the following spells:

 Your Spells              Type           Power      Damage    Failure   Level
a - Slow                  Hex            28%        N/A       10%         1

Your spell library contained the following spells:

 Spells                   Type           Power      Damage    Failure   Level
 Inner Flame              Hex/Fire       4%         N/A       43%         3
 Portal Projectile        Hex/Tloc       8%         N/A       43%         3
 Cause Fear               Hex            3%         N/A       67%         4

Inventory:

Hand Weapons
 Y - a +0 shortbow (weapon)
Armour
 d - a +0 helmet (worn)
 f - a +0 pair of boots (worn)
 k - +1 steam dragon scales (worn)
Jewellery
 b - a ring of ice
 c - a +6 ring of dexterity (left hand)
 n - a +6 ring of intelligence
Scrolls
 a - a scroll of identify
Potions
 e - 2 potions of enlightenment
 g - a potion of magic {unknown}
 h - 2 potions of curing
 i - a potion of brilliance {unknown}
 j - a potion of ambrosia {unknown}
 l - a potion of heal wounds {unknown}
 m - 2 potions of might

Dungeon Overview and Level Annotations

Branches:
Dungeon (5/15)             Temple (1/1) D:4

Altars:
Cheibriados
Dithmenos
Elyvilon
Fedhas
Gozag
Hepliaklqana
Kikubaaqudgha
Makhleb
Okawaru
Qazlal
Ru
Sif Muna
Trog
Uskayaw
Wu Jian
Zin

Shops:
D:2 !   D:4 [


Message History

The puff of frost hits you. The white imp hits you. The white imp freezes you.
The quasit bites you.
You feel clumsy. The quasit closely misses you. The quasit claws you.
You feel clumsy.
You shoot an arrow.
The arrow hits the quasit but does no damage.
The quasit is moderately wounded.
The white imp gestures at you.
The puff of frost hits you but does no damage.
The white imp closely misses you. The quasit misses you.
The quasit claws you but does no damage. x2
You shoot an arrow. The arrow hits the quasit!
The quasit is almost dead.
The quasit barely misses you. The quasit closely misses you. x2
The white imp hits you but does no damage.
The white imp closely misses you.
You shoot an arrow. The arrow closely misses the quasit.
The quasit bites you but does no damage.
The quasit claws you.
You feel clumsy.
The quasit claws you but does no damage.
The white imp gestures at you.
The puff of frost hits you but does no damage.
The white imp gestures at you. The puff of frost hits you.
You shoot an arrow. The arrow closely misses the quasit.
The quasit closely misses you. x2
The quasit claws you but does no damage.
The white imp gestures at you. The puff of frost hits you.
The white imp gestures at you. The puff of frost misses you.
You shoot an arrow. The arrow closely misses the quasit.
The quasit barely misses you. The quasit closely misses you.
The quasit claws you but does no damage.
The quasit misses you. x2; The quasit claws you.
The white imp barely misses you. The white imp gestures at you.
The puff of frost hits you!
You die...

..#
##.##########.....#
#.# #...<.# #.#
#####.### ##+#
#.......# #.).#
#.###.#.# .....#
#.###.#.# ......#
#..##.#.#
......5####.....#.#
.....55@.......##.#
......5####.%..##.#
......# #..#.##.#
...... #.......#
#.... ####.####
#.... #.# #... #.#
#..\


You could see a quasit, 2 white imps and an ufetubus.

Vanquished Creatures
  An ogre (D:5)
  A scorpion (D:5)
  3 jellies
  2 iguanas
  3 adders
  A worm (D:2)
  2 orcs
  9 ball pythons
  8 endoplasms
  4 giant cockroaches
  5 goblins
  9 hobgoblins
  2 jackals (D:2)
  5 quokkas
  6 bats
  3 frilled lizards
  5 kobolds
  8 rats
77 creatures vanquished.

Notes
Turn   | Place    | Note
-------+----------+-------------------------------------------
     0 | D:1      | qw the Gargoyle Hexslinger began the quest for the Orb.
     0 | D:1      | Reached XP level 1. HP: 12/12 MP: 2/2
     0 | D:1      | 0 ||| qw: Version: 0.3-a-52-g30416fa
     0 | D:1      | 0 ||| qw: Game counter: 6594
     0 | D:1      | 0 ||| qw: Melee chars always use a shield: true
     0 | D:1      | 0 ||| qw: God list: Okawaru
     0 | D:1      | 0 ||| qw: Allow faded altars: false
     0 | D:1      | 0 ||| qw: Do Orc after clearing Dungeon:15 true
     0 | D:1      | 0 ||| qw: Do second Lair branch before Depths: true
     0 | D:1      | 0 ||| qw: Lair rune preference: random
     0 | D:1      | 0 ||| qw: Goals: Normal
     0 | D:1      | 0 ||| PLANNING D:1-11
   107 | D:1      | Reached XP level 2. HP: 16/16 MP: 3/3
   208 | D:1      | Found a faded altar of an unknown god.
   230 | D:1      | Reached skill level 3 in Ranged Weapons
   615 | D:1      | Reached XP level 3. HP: 21/21 MP: 4/4
   908 | D:1      | 908 ||| UPGRADING to +0 helmet.
   913 | D:1      | 913 ||| UPGRADING to +0 pair of boots.
   918 | D:1      | 918 ||| UPGRADING to +0 ring mail.
   928 | D:1      | 928 ||| DROPPING +0 robe.
   929 | D:1      | 929 ||| UPGRADING to +0 steam dragon scales.
   939 | D:1      | 939 ||| DROPPING +0 ring mail.
   940 | D:1      | 940 ||| READING 2 scrolls labelled AFODAXZUPON.
   941 | D:1      | 941 ||| READING scroll labelled SURRAT JAOGITY.
   942 | D:1      | 942 ||| READING scroll labelled HOUHINKULU.
   943 | D:1      | 943 ||| READING scroll labelled RESYMM EZUONAF.
   944 | D:1      | 944 ||| DROPPING scroll of poison.
  1042 | D:2      | Reached skill level 1 in Armour
  1052 | D:2      | 1052 ||| SWAPPING to +0 shortbow.
  1053 | D:2      | 1053 ||| DROPPING +1 sling.
  1421 | D:2      | Found Nionown's Distillery.
  1428 | D:2      | 1428 ||| SHOPLISTING 2 potions of might (104 gold, have
                  | 89).
  1428 | D:2      | 1428 ||| BUYING potion of curing (39 gold).
  1428 | D:2      | Bought a potion of curing for 39 gold pieces
  1428 | D:2      | 1428 ||| BUYING potion of curing (39 gold).
  1428 | D:2      | Bought a potion of curing for 39 gold pieces
  1428 | D:2      | 1428 ||| SHOPLISTING potion of curing (39 gold, have 11).
  1428 | D:2      | 1428 ||| SHOPLISTING potion of resistance (130 gold, have
                  | 11).
  1470 | D:2      | 1470 ||| READING scroll labelled LYEGHOKHLU.
  1471 | D:2      | 1471 ||| READING scroll labelled ASUOGR CATOA.
  1572 | D:2      | 1572 ||| DRINKING 2 inky potions.
  1602 | D:3      | Reached XP level 4. HP: 26/26 MP: 5/5
  2172 | D:3      | Found a glowing silver altar of Zin.
  2172 | D:3      | Found a hazy altar of Hepliaklqana.
  2199 | D:3      | Reached skill level 4 in Ranged Weapons
  2249 | D:3      | 2249 ||| Stepping ~*~*~tactically~*~*~ (water).
  2531 | D:3      | 2531 ||| UPGRADING to +6 ring of dexterity.
  2567 | D:4      | Reached XP level 5. HP: 30/30 MP: 6/6
  2571 | D:4      | 2571 ||| READING scroll of enchant armour.
  2571 | D:4      | 2571 ||| ENCHANTING +0 steam dragon scales.
  2607 | D:4      | Found Hinadaky's Armour Boutique.
  2677 | D:4      | Found a staircase to the Ecumenical Temple.
  2678 | D:4      | 2678 ||| PLANNING TEMPLE
  2697 | Temple   | Entered the Ecumenical Temple
  2698 | Temple   | 2698 ||| PLANNING OKAWARU WORSHIP
  2903 | Temple   | Became a worshipper of Warmaster Okawaru
  2904 | Temple   | 2904 ||| PLANNING D:1-11
  3064 | D:4      | Reached skill level 5 in Ranged Weapons
  3188 | D:4      | 3188 ||| READING scroll labelled CAFISU BIZEGYN.
  3189 | D:4      | 3189 ||| READING 2 scrolls of identify.
  3189 | D:4      | 3189 ||| IDENTIFYING green potion
  3207 | D:5      | Entered Level 5 of the Dungeon
  3221 | D:5      | Identified the +3 scale mail "Heogox" {Str+6}
  3347 | D:5      | Reached skill level 3 in Fighting
  3347 | D:5      | Reached XP level 6. HP: 37/37 MP: 7/7
  3402 | D:5      | HP: 5/37 [ogre/+0 giant club (16)]
  3404 | D:5      | Reached * piety under Okawaru
  3577 | D:5      | Reached skill level 1 in Invocations
  3624 | D:5      | 3624 ||| INVOKING Heroism.
  3630 | D:5      | HP: 9/37 [white imp/puff of frost (4)]
  3631 | D:5      | Killed from afar by a white imp

Levels and vault maps discovered:
D:1:      amcnicky_arrival_wind_blow, layout_basic,
          chequers_ecumenical_altar_grove, minmay_misc_feat_square,
          hangedman_decor_opposing
D:2:      layout_loops_cross, serial_shops, nicolae_shop_industrial_runoff
D:3:      layout_basic, gammafunk_temple_overflow_wave, st_stairs_13,
          chequers_big_river, grunt_decor_junction
D:4:      layout_rooms, minmay_temple_entry_glass, serial_shops, shop
D:5:      layout_loops_corners, serial_demonic, serial_demonic_f,
          serial_demonic_d, serial_demonic_d, serial_demonic_b,
          patterned_corridor
Temple:   eino_narrow_crystal_temple

Skill      XL: |  1  2  3  4  5  6 |
---------------+-------------------+-----
Ranged Weapons | 3 4 5 |  5.9
Fighting       | 2 3 |  3.3
Armour         | 1 |  1.3
Invocations    | 1 |  1.5
Dodging        | |  1.5
Spellcasting   | |  1.0
Hexes          | |  2.6

Action                     |  1- 3 |  4- 6 || total
---------------------------+-------+-------++-------
   Fire: Sling             |    58 |       ||    58
         Shortbow          |    41 |   170 ||   211
 Invoke: Heroism           |       |     1 ||     1
    Use: Scroll            |     6 |     3 ||     9
         Potion            |     1 |       ||     1
 Armour: Robe              |     3 |       ||     3
         Steam dragon scal |    12 |    53 ||    65
  Dodge: Dodged            |    22 |    82 ||   104

Table legend:
 A = Non-vault XP
 B = Vault XP
 C = Vault XP percentage of total XP
 D = Non-vault monster count
 E = Vault monster count
 F = Vault count percentage of total count
                 A         B        C        D         E       F
            +---------+---------+-------+---------+---------+-------
      Total |     565 |       2 |   0.4 |      76 |       1 |   1.3
            +---------+---------+-------+---------+---------+-------
        D:1 |      35 |       0 |   0.0 |      22 |       0 |   0.0
        D:2 |      41 |       0 |   0.0 |      15 |       0 |   0.0
        D:3 |      46 |       2 |   4.2 |      20 |       1 |   4.8
        D:4 |     111 |       0 |   0.0 |      14 |       0 |   0.0
        D:5 |     332 |       0 |   0.0 |       5 |       0 |   0.0
            +---------+---------+-------+---------+---------+-------
